 Dungeon Crawl Stone Soup version 0.30.1-4-g462c640d31 (webtiles) character file.

Game seed: 3743648455100824656

523 lonewolfV2 the Chopper (level 7, -20/54 HPs)
             Began as a Demonspawn Fighter on Aug 25, 2023.
             Was an Initiate of Makhleb.
             Demolished by an ogre
             ... wielding a +0 giant club
              (26 damage)
             ... on level 5 of the Dungeon.
             The game lasted 00:03:45 (4309 turns).

lonewolfV2 the Chopper (Demonspawn Fighter)         Turns: 4309, Time: 00:03:46

Health: -20/54     AC: 10    Str: 18    XL:     7   Next: 2%
Magic:  7/7        EV:  9    Int: 10    God:    Makhleb [......]
Gold:   220        SH:  4    Dex: 12    Spells: 6/6 levels left

rFire   . . .        a - +1 war axe
rCold   . . .        c - +0 buckler
rNeg    . . .        b - +0 scale mail
rPois   .            (no helmet)
rElec   .            (no cloak)
rCorr   .            (no gloves)
SInv    .            (no boots)
Will    .....        (no amulet) Stlth
                     (no ring)
HPRegen 0.29/turn    (no ring)
MPRegen 0.10/turn

%: no passive effects
@: no status effects
A: claws 1, slimy green scales 2, ignite blood 1, demonic magic 1
a: Renounce Religion


You were on level 5 of the Dungeon.
You worshipped Makhleb.
Makhleb was noncommittal.
You visited 2 branches of the dungeon, and saw 6 of its levels.

You collected 220 gold pieces.

Inventory:

Hand Weapons
 a - a +1 war axe (weapon)
Armour
 b - a +0 scale mail (worn)
 c - a +0 buckler (worn)
Jewellery
 e - an amulet of the acrobat
Scrolls
 g - 2 scrolls of teleportation
 j - a scroll of identify
Potions
 d - a potion of might
 f - a potion of lignification
 h - a potion of curing
 i - a potion of heal wounds {unknown}


   Skills:
 + Level 4.3 Fighting
 + Level 4.6 Axes
 + Level 4.3 Armour
 + Level 1.2 Dodging
 + Level 0.4 Stealth
 + Level 3.3 Shields


You had 6 spell levels left.
You didn't know any spells.
Your spell library contained the following spells:

 Spells                   Type           Power      Damage    Failure   Level
 Magic Dart               Conj           0%         1d3       82%         1
 Call Imp                 Summ           0%         N/A       91%         2
 Ensorcelled Hibernation  Hex/Ice        0%         N/A       91%         2
 Passwall                 Tmut/Erth      0%         N/A       91%         2
 Hailstorm                Conj/Ice       0%         3d3       99%         3
 Mephitic Cloud           Conj/Pois/Air  0%         N/A       99%         3
 Swiftness                Air            0%         N/A       99%         3
 Ice Form                 Ice/Tmut       0%         N/A       100%        4
 Simulacrum               Ice/Necr       0%         N/A       100%        6


Dungeon Overview and Level Annotations

Branches:
Dungeon (5/15)             Temple (1/1) D:4

Altars:
Cheibriados
Dithmenos
Fedhas
Gozag
Hepliaklqana
Kikubaaqudgha
Makhleb
Nemelex Xobeh
Okawaru
Sif Muna
Uskayaw
Vehumet
Xom

Shops:
D:1 :


Innate Abilities, Weirdness & Mutations

You have sharp fingernails.
You are mostly covered in slimy green scales. (AC +3)
Your demonic aura sometimes causes spilled blood to erupt in flames.
Spells you cast may paralyse adjacent enemies.


Message History

You block the adder's attack.
You have reached level 7!
You barely miss the adder.
The adder is heavily wounded.
The adder barely misses you. x2
You hit the adder.
The adder is almost dead.
The adder is engulfed in blazing flames.
You kill the adder!
Makhleb accepts your kill.
You pick up a book of the Tundra and begin reading...
You add the spells Hailstorm, Ice Form and Simulacrum to your library.
An ogre comes into view. It is wielding a +0 giant club.
The ogre shouts!
An ogre is nearby!
An ogre is nearby!
You can't go up here!
Okay, then.
The ogre hits you with a +0 giant club!
You barely miss the ogre. You block the ogre's attack.
You completely miss the ogre. You block the ogre's attack.
You hit the ogre.
The ogre is lightly wounded.
The ogre hits you with a +0 giant club!
You barely miss the ogre.
The ogre is lightly wounded.
You slash the ogre!
The ogre is heavily wounded.
You block the ogre's attack.
You slash the ogre!
The ogre is almost dead.
The ogre hits you with a +0 giant club!!
* * * LOW HITPOINT WARNING * * *
You hit the ogre but do no damage.
The ogre is almost dead.
The ogre closely misses you.
You hit the ogre.
The ogre is almost dead.
The ogre hits you with a +0 giant club!!
You die...

#.## #.#. #. #.#. ##
..##... .# #
.......#.#.####
.......#.#..... #.#.#
.......O......# #.#.#
.......@.#..8.###.#.####
.......°###....##.#....#
........# #..8.##.#....#
####+##.# +....##.#....#
#.##.# #..8.##.#....#
#.##.###............#
#.##..#..8.....#....+
#<###.....######....#
#.# #.....# #.####


You could see an ogre.

Vanquished Creatures
  An ice beast (D:4)
  A phantom (D:4)
  2 scorpions
  A howler monkey (D:4)
  A jelly (D:5)
  An orc wizard (D:3)
  3 gnolls (D:4)
  4 adders
  2 worms
  2 dart slugs
  8 orcs
  6 ball pythons
  5 bats
  4 endoplasms (D:1)
  10 giant cockroaches
  3 goblins
  5 hobgoblins
  A jackal (D:1)
  A quokka (D:1)
  2 frilled lizards
  6 kobolds
  3 rats (D:1)
72 creatures vanquished.

Notes
Turn   | Place    | Note
-------+----------+-------------------------------------------
     0 | D:1      | lonewolfV2 the Demonspawn Fighter began the quest for the
                  | Orb.
     0 | D:1      | Reached XP level 1. HP: 18/18 MP: 1/1
     1 | D:1      | Found a runed translucent door.
   101 | D:1      | Found Ompuirgh's Vocational Training.
   134 | D:1      | Gained mutation: You are partially covered in slimy green
                  | scales. (AC +2) [demonic ancestry]
   134 | D:1      | Reached XP level 2. HP: 23/24 MP: 2/2
   848 | D:1      | Gained mutation: Spells you cast may paralyse adjacent
                  | enemies. [demonic ancestry]
   848 | D:1      | Reached XP level 3. HP: 26/29 MP: 3/3
  1454 | D:2      | Gained mutation: You are mostly covered in slimy green
                  | scales. (AC +3) [demonic ancestry]
  1454 | D:2      | Reached XP level 4. HP: 37/37 MP: 4/4
  1832 | D:3      | Found a faded altar of an unknown god.
  2031 | D:3      | Found a shimmering blue altar of Sif Muna.
  2166 | D:3      | Found an iron altar of Okawaru.
  2541 | D:3      | Found a radiant altar of Vehumet.
  2865 | D:4      | Gained mutation: Your demonic aura sometimes causes spilled
                  | blood to erupt in flames. [demonic ancestry]
  2865 | D:4      | Reached XP level 5. HP: 40/42 MP: 5/5
  2918 | D:4      | Noticed a phantom
  2944 | D:4      | Killed a phantom
  2945 | D:4      | Reached skill level 1 in Dodging
  2945 | D:4      | Gained mutation: You have sharp fingernails. [demonic
                  | ancestry]
  2945 | D:4      | Reached XP level 6. HP: 29/48 MP: 6/6
  3385 | D:4      | Found an ancient bone altar of Kikubaaqudgha.
  3492 | D:4      | Found a staircase to the Ecumenical Temple.
  3929 | D:4      | Noticed an ice beast
  3948 | D:4      | Killed an ice beast
  4190 | Temple   | Entered the Ecumenical Temple
  4199 | Temple   | Became a worshipper of Makhleb the Destroyer
  4220 | D:5      | Entered Level 5 of the Dungeon
  4262 | D:5      | Reached XP level 7. HP: 54/54 MP: 7/7
  4309 | D:5      | Demolished by an ogre

Illustrated notes

Levels and vault maps discovered:
D:1:      dpeg_arrival_caged_fury, layout_basic, nicolae_shop_vocational
D:2:      layout_loops_corners
D:3:      layout_basic, overflow_temple_1_default,
          nicolae_overflow_hidden_temple, mainiacjoe_overflow_tiny_flanked,
          lemuel_round_altar, chequers_ecumenical_altar_simple,
          serial_co_window_serial, co_window_paths_b, co_window_paths_b,
          co_window_paths_a, co_window_corner_a, co_window_of_opportunity_a,
          co_window_corner_b, co_window_broadway_a, co_window_broadway_b,
          co_window_of_opportunity_c, co_window_corner_b, co_window_paths_d,
          glass_columns_a, glass_columns_c, glass_columns_a, glass_columns_b
D:4:      layout_loops_cross, mainiacjoe_overflow_six_doors_small,
          minmay_temple_entry_offerings, kennysheep_generic_room_3
D:5:      layout_basic, zin_statuary, nicolae_ru_sacrificial_ziggurat,
          uniq_edmund
Temple:   nicolae_temple_cloud_nine

Skill      XL: |  1  2  3  4  5  6 |
---------------+-------------------+-----
Armour         | 3 4 |  4.3
Axes           | 2 3 4 |  4.6
Shields        | 3 |  3.3
Fighting       | 4 |  4.3
Dodging        | 1 |  1.2
Stealth        | |  0.4

Action                     |  1- 3 |  4- 6 |  7- 9 || total
---------------------------+-------+-------+-------++-------
  Melee: War axe           |    73 |   149 |    10 ||   232
    Use: Scroll            |       |     9 |       ||     9
 Armour: Scale mail        |    52 |   102 |       ||   154
  Dodge: Dodged            |    53 |    56 |     3 ||   112
  Block: Buckler           |    24 |    37 |     3 ||    64
